[Event "FIDE WCCC Open-08 2024"]
[Site "Montesilvano"]
[Date "2024.11.23"]
[Round "8.35"]
[White "Kalinin, Bogdan"]
[Black "Dzelnik, Robert"]
[Result "1-0"]
[ECO "C53"]
[WhiteElo "1548"]
[BlackElo "1822"]
[Annotator "NA RC"]
[PlyCount "63"]
[EventDate "2024.11.18"]
[EventType "swiss"]
[EventCountry "ITA"]
[SourceTitle "playchess.com"]
[Source "ChessBase"]
[SourceQuality "1"]
[TimeControl "5400+30"]

1. e4 e5 2. Nf3 Nc6 3. Bc4 Bc5 4. O-O d6 5. c3 Nf6 6. d4 Bb6 7. dxe5 Nxe4 8. Bxf7+ Kxf7 9. Qd5+ Ke8 10. Qxe4 dxe5 11. Nxe5 Qe7 12. Re1 Nxe5 13. Qxe5 Qxe5 14. Rxe5+ Kf7 15. Bf4 Bd7 16. Nd2 Rhf8 17. Rae1 Kg8 18. Be3 Rad8 19. Nc4 Bxe3 20. Nxe3 Bc6 21. f3 Rd2 22. Nc4 Rd5 23. a3 Rf4 24. Rxd5 Bxd5 25. Ne5 g5 26. Nd3 Rf7 27. Re5 Bc4 28. Rxg5+ Kf8 29. Ne5 Rf4 30. g3 Rf6 31. Nd7+ Kf7 32. Nxf6 1-0

[Event "FIDE WCCC Open-08 2024"]
[Site "Montesilvano"]
[Date "2024.11.23"]
[Round "8.36"]
[White "Kiss, Lorinc Istvan"]
[Black "Le, Khai"]
[Result "0-1"]
[ECO "B38"]
[WhiteElo "1501"]
[BlackElo "1808"]
[Annotator "NA RC"]
[PlyCount "84"]
[EventDate "2024.11.18"]
[EventType "swiss"]
[EventCountry "ITA"]
[SourceTitle "playchess.com"]
[Source "ChessBase"]
[SourceQuality "1"]
[TimeControl "5400+30"]

1. e4 c5 2. Nf3 Nc6 3. d4 cxd4 4. Nxd4 g6 5. c4 Bg7 6. Be3 Nf6 7. Nc3 O-O 8. Be2 d6 9. O-O Bd7 10. Qd2 Rc8 11. Rfd1 Ne5 12. b3 Neg4 13. f3 Nxe3 14. Qxe3 a6 15. Rac1 h5 16. b4 Kh7 17. Qf2 Bh6 18. Rc2 Qb6 19. a3 e5 20. Nf5 Qxf2+ 21. Kxf2 gxf5 22. Rxd6 Rc6 23. Rxc6 bxc6 24. c5 Ra8 25. Na4 Be6 26. Rb2 fxe4 27. fxe4 Nxe4+ 28. Kf3 Bd5 29. Bd3 f5 30. Ke2 Rg8 31. g3 h4 32. Bxe4 Bxe4 33. Nc3 hxg3 34. Nxe4 fxe4 35. hxg3 Rxg3 36. Kf2 Bf4 37. a4 Ra3 38. a5 Kg6 39. Rb1 Ra2+ 40. Ke1 e3 41. Rd1 e2 42. Rd6+ Kf5 0-1

[Event "FIDE WCCC Open-08 2024"]
[Site "Montesilvano"]
[Date "2024.11.23"]
[Round "8.37"]
[White "Juzbasic, Marul"]
[Black "Lee, David J"]
[Result "0-1"]
[ECO "C55"]
[WhiteElo "1726"]
[BlackElo "1446"]
[Annotator "NA RC"]
[PlyCount "90"]
[EventDate "2024.11.18"]
[EventType "swiss"]
[EventCountry "ITA"]
[SourceTitle "playchess.com"]
[Source "ChessBase"]
[SourceQuality "1"]
[TimeControl "5400+30"]

1. e4 e5 2. Nf3 Nc6 3. Bc4 Nf6 4. d3 Be7 5. O-O O-O 6. Re1 d6 7. a3 Bg4 8. Nbd2 Qd7 9. h3 Bh5 10. Nf1 Nd4 11. N1d2 Qa4 12. Bb3 Qc6 13. c3 Nxf3+ 14. Nxf3 Rad8 15. Be3 a6 16. Bg5 Qb6 17. Re3 h6 18. Bxf6 Bxf6 19. Qc2 c6 20. Ba2 Rfe8 21. Rae1 Bg6 22. Nh2 Kh7 23. Ng4 Bg5 24. Rf3 f6 25. b4 Bh5 26. Rd1 d5 27. exd5 cxd5 28. d4+ e4 29. Rg3 Kh8 30. Rf1 Bf4 31. Ne3 Bxg3 32. fxg3 Qc6 33. Nf5 Rc8 34. g4 Bg6 35. Nh4 Bh7 36. Qb3 Qxc3 37. Qxd5 Qc6 38. Qh5 Qb6 39. Kh1 Qxd4 40. Ng6+ Bxg6 41. Qxg6 Rf8 42. Rf5 Rc1+ 43. Kh2 Qd6+ 44. g3 Qd2+ 45. Rf2 Qxf2# 0-1

[Event "FIDE WCCC Open-08 2024"]
[Site "Montesilvano"]
[Date "2024.11.23"]
[Round "8.38"]
[White "Cherem, Yoseph"]
[Black "Cronje, Frederick"]
[Result "1-0"]
[ECO "E11"]
[WhiteElo "1634"]
[BlackElo "1434"]
[Annotator "NA RC"]
[PlyCount "57"]
[EventDate "2024.11.18"]
[EventType "swiss"]
[EventCountry "ITA"]
[SourceTitle "playchess.com"]
[Source "ChessBase"]
[SourceQuality "1"]
[TimeControl "5400+30"]

1. d4 Nf6 2. c4 e6 3. Nf3 Bb4+ 4. Nbd2 Ne4 5. e3 f5 6. Bd3 b6 7. Ne5 Bb7 8. Qh5+ g6 9. Nxg6 Nf6 10. Qh4 Rg8 11. Nf4 Bxg2 12. Rg1 Bf3 13. Rxg8+ Nxg8 14. Qxh7 Qg5 15. Ng6 d6 16. Qxg8+ Kd7 17. Nf8+ Kc6 18. Qxg5 f4 19. Qb5+ Kb7 20. Qxb4 Bg4 21. Be4+ d5 22. cxd5 exd5 23. Bxd5+ c6 24. Be4 Na6 25. Qe7+ Kc8 26. f3 Bd7 27. Qxd7+ Kb8 28. Bxc6 Nb4 29. Qd8# 1-0

[Event "FIDE WCCC Open-08 2024"]
[Site "Montesilvano"]
[Date "2024.11.23"]
[Round "8.39"]
[White "Borkowski, Jan"]
[Black "Kortmann, Pedro Reck"]
[Result "1-0"]
[ECO "D32"]
[WhiteElo "1481"]
[BlackElo "1630"]
[Annotator "NA RC"]
[PlyCount "60"]
[EventDate "2024.11.18"]
[EventType "swiss"]
[EventCountry "ITA"]
[SourceTitle "playchess.com"]
[Source "ChessBase"]
[SourceQuality "1"]
[TimeControl "5400+30"]

1. d4 d5 2. c4 e6 3. Nc3 c5 4. cxd5 exd5 5. Nf3 Nf6 6. Bg5 Be7 7. e3 h6 8. Bh4 g5 9. Bg3 cxd4 10. Nxd4 a6 11. Bd3 Nc6 12. Bc2 Nb4 13. Bb3 Be6 14. a3 Nc6 15. Nxe6 fxe6 16. Bc2 Bd6 17. Bg6+ Kf8 18. Qf3 Bxg3 19. Qxg3 d4 20. exd4 Qxd4 21. O-O Qe5 22. Qf3 Kg7 23. Bc2 Nd4 24. Qxb7+ Kf8 25. Qxa8+ Kg7 26. Qb7+ Kg8 27. Bg6 Rh7 28. Bxh7+ Nxh7 29. Qe4 Qxe4 30. Nxe4 Ne2+ 1-0

[Event "FIDE WCCC Open-08 2024"]
[Site "Montesilvano"]
[Date "2024.11.23"]
[Round "8.41"]
[White "Melkonyan, Mark"]
[Black "Tuguldur, Baatarchuluun"]
[Result "1-0"]
[ECO "C10"]
[WhiteElo "1445"]
[BlackElo "1590"]
[Annotator "NA RC"]
[PlyCount "87"]
[EventDate "2024.11.18"]
[EventType "swiss"]
[EventCountry "ITA"]
[SourceTitle "playchess.com"]
[Source "ChessBase"]
[SourceQuality "1"]
[TimeControl "5400+30"]

1. e4 e6 2. d4 d5 3. Nd2 dxe4 4. Nxe4 Nd7 5. Bd3 Ngf6 6. Qe2 c5 7. Nf3 Qa5+ 8. Bd2 Qb6 9. Bc3 Be7 10. O-O O-O 11. dxc5 Nxc5 12. Nxf6+ Bxf6 13. Bxf6 gxf6 14. c3 Rd8 15. Bc2 f5 16. Qe3 f6 17. Qh6 e5 18. Rad1 Bd7 19. g4 e4 20. g5 Bb5 21. gxf6 Qc7 22. Ng5 Bc4 23. b4 Nd3 24. f7+ Bxf7 25. Qxh7+ Kf8 26. Ne6+ Bxe6 27. Qxc7 Rd7 28. Qxd7 Bxd7 29. Bxd3 exd3 30. Rfe1 Bb5 31. Re5 Bc4 32. Rxf5+ Ke7 33. f4 Rd8 34. Re5+ Kf6 35. Rd2 Rg8+ 36. Kf2 Rh8 37. Ke3 a6 38. Kd4 b5 39. Kc5 Rh4 40. Re4 Kf5 41. Rxc4 bxc4 42. Kxc4 Kxf4 43. Kxd3 Kf3 44. Kc2 1-0

[Event "FIDE WCCC Open-08 2024"]
[Site "Montesilvano"]
[Date "2024.11.23"]
[Round "8.42"]
[White "Glod, Peter"]
[Black "Bakirli, Matin"]
[Result "1-0"]
[ECO "B21"]
[WhiteElo "1409"]
[BlackElo "1578"]
[Annotator "NA RC"]
[PlyCount "53"]
[EventDate "2024.11.18"]
[EventType "swiss"]
[EventCountry "ITA"]
[SourceTitle "playchess.com"]
[Source "ChessBase"]
[SourceQuality "1"]
[TimeControl "5400+30"]

1. e4 c5 2. d4 cxd4 3. c3 dxc3 4. Nxc3 Nc6 5. Nf3 d6 6. Bc4 e6 7. O-O Nf6 8. Qe2 Be7 9. Rd1 Bd7 10. Bb5 Qc7 11. Bg5 O-O 12. Rac1 a6 13. Ba4 b5 14. Bb3 Rfe8 15. Qd2 b4 16. Nd5 exd5 17. exd5 Ne4 18. Qf4 Qb6 19. dxc6 Qxf2+ 20. Kh1 Bxg5 21. Qxf7+ Kh8 22. cxd7 Rf8 23. Rc8 Raxc8 24. dxc8=R Rxc8 25. Nxg5 Qe3 26. Qg8+ Rxg8 27. Nf7# 1-0

[Event "FIDE WCCC Open-08 2024"]
[Site "Montesilvano"]
[Date "2024.11.23"]
[Round "8.43"]
[White "Tokmachov, Daniel"]
[Black "Smilga, Olivers"]
[Result "1/2-1/2"]
[ECO "B22"]
[WhiteElo "1565"]
[BlackElo "1439"]
[Annotator "NA RC"]
[PlyCount "188"]
[EventDate "2024.11.18"]
[EventType "swiss"]
[EventCountry "ITA"]
[SourceTitle "playchess.com"]
[Source "ChessBase"]
[SourceQuality "1"]
[TimeControl "5400+30"]

1. e4 c5 2. c3 Nf6 3. e5 Nd5 4. d4 cxd4 5. cxd4 e6 6. Nf3 b6 7. a3 Be7 8. Be2 Ba6 9. Bxa6 Nxa6 10. Qd3 Nac7 11. Nc3 d6 12. Nxd5 Nxd5 13. O-O O-O 14. Re1 Rc8 15. Re4 Qc7 16. h3 Rfd8 17. Ng5 Qxc1+ 18. Rxc1 Rxc1+ 19. Kh2 Bxg5 20. exd6 Nf6 21. Re2 Nd5 22. Rc2 Rxc2 23. Qxc2 Rxd6 24. Qa4 Rd8 25. Qxa7 Bf6 26. Qa4 h6 27. Qc4 Ne7 28. Qc7 Nd5 29. Qc4 e5 30. dxe5 Bxe5+ 31. g3 Bxb2 32. Qb3 Bd4 33. Qc2 Bc5 34. a4 Nb4 35. Qc3 Rd3 36. Qc1 Rf3 37. Qe1 Rxf2+ 38. Kh1 Ra2 39. h4 Kf8 40. Qd1 g6 41. Qd8+ Kg7 42. Qe8 Bd6 43. Qe3 Bc5 44. Qe5+ Kh7 45. Qf4 Rf2 46. Qe4 Nd3 47. Qxd3 Rf6 48. Qc3 Kg7 49. g4 g5 50. h5 Be7 51. Kg2 Kh7 52. Qe5 Re6 53. Qf5+ Kg7 54. Qf2 Bc5 55. Qc2 Rf6 56. Qc3 Be7 57. Qe5 Kf8 58. Qd4 Kg7 59. Qc3 Kf8 60. Qe5 Ke8 61. Qb5+ Kf8 62. a5 bxa5 63. Qxa5 Rf4 64. Qa6 Kg7 65. Qa1+ Bf6 66. Qd1 Rd4 67. Qe2 Rf4 68. Kg3 Kf8 69. Qb5 Kg7 70. Qb8 Rd4 71. Kf3 Rf4+ 72. Kg3 Rd4 73. Qb5 Rf4 74. Qd7 Rd4 75. Qf5 Rf4 76. Qc8 Rd4 77. Kf3 Rf4+ 78. Ke3 Bd4+ 79. Kd3 Bf6 80. Kc2 Rd4 81. Qf5 Rf4 82. Qd7 Rd4 83. Qf5 Rf4 84. Qd7 Rd4 85. Qc8 Rf4 86. Kd3 Rd4+ 87. Ke3 Rf4 88. Qd7 Rd4 89. Qf5 Rf4 90. Qc8 Bd4+ 91. Kd3 Bf6 92. Ke3 Bd4+ 93. Kd3 Bf6 94. Ke3 Bd4+ 1/2-1/2

[Event "FIDE WCCC Open-08 2024"]
[Site "Montesilvano"]
[Date "2024.11.23"]
[Round "8.45"]
[White "Xin, Andrew M."]
[Black "Senthilkumar, Tharveen"]
[Result "1-0"]
[ECO "D05"]
[WhiteElo "1546"]
[BlackElo "1411"]
[Annotator "NA RC"]
[PlyCount "43"]
[EventDate "2024.11.18"]
[EventType "swiss"]
[EventCountry "ITA"]
[SourceTitle "playchess.com"]
[Source "ChessBase"]
[SourceQuality "1"]
[TimeControl "5400+30"]

1. d4 d5 2. Nf3 Nf6 3. e3 e6 4. Bd3 c5 5. b3 Nc6 6. Bb2 cxd4 7. exd4 Bd6 8. O-O O-O 9. Nbd2 Re8 10. Ne5 Qc7 11. f4 Bd7 12. c4 dxc4 13. Ndxc4 Be7 14. Rc1 Rad8 15. g4 Bf8 16. g5 Nd5 17. Bxh7+ Kxh7 18. Qh5+ Kg8 19. Qxf7+ Kh8 20. Rf3 Nxf4 21. Rxf4 Bc8 22. Rh4# 1-0

[Event "FIDE WCCC Open-08 2024"]
[Site "Montesilvano"]
[Date "2024.11.23"]
[Round "8.46"]
[White "Morais, Benjamin Guedes"]
[Black "Thomas, Robert K"]
[Result "1/2-1/2"]
[ECO "D02"]
[WhiteElo "1652"]
[BlackElo "2166"]
[Annotator "RC"]
[PlyCount "61"]
[EventDate "2024.11.18"]
[EventType "swiss"]
[EventCountry "ITA"]
[SourceTitle "playchess.com"]
[Source "ChessBase"]
[SourceQuality "1"]
[TimeControl "5400+30"]

1. Nf3 d5 2. g3 c5 3. Bg2 Nc6 4. d4 cxd4 5. Nxd4 e5 6. Nxc6 bxc6 7. O-O Nf6 8. c4 Be6 9. Bg5 Be7 10. Nc3 O-O 11. cxd5 Nxd5 12. Bxe7 Nxe7 13. Qc2 Qb6 14. Na4 Qc7 15. Nc5 Bf5 16. Be4 Bxe4 17. Qxe4 Rad8 18. Rad1 Nd5 19. Nd3 f6 20. Nc5 Qf7 21. Rc1 Rfe8 22. Qc4 Nb6 23. Qxf7+ Kxf7 24. Nb7 Rd7 25. Nc5 Rd2 26. Ne4 Rd4 27. Nc5 Rd2 28. Ne4 Rd4 29. Nc5 Rd2 30. Ne4 Rd4 31. Ra1 1/2-1/2

[Event "FIDE WCCC Open-08 2024"]
[Site "Montesilvano"]
[Date "2024.11.23"]
[Round "8.47"]
[White "Schimming, Wilhelm"]
[Black "Vrsalovic Acuna. Stjepan Anton"]
[Result "1-0"]
[ECO "E20"]
[WhiteElo "1628"]
[BlackElo "1452"]
[Annotator "NA RC"]
[PlyCount "93"]
[EventDate "2024.11.18"]
[EventType "swiss"]
[EventCountry "ITA"]
[SourceTitle "playchess.com"]
[Source "ChessBase"]
[SourceQuality "1"]
[TimeControl "5400+30"]

1. c4 Nf6 2. Nc3 e6 3. e4 Nc6 4. d4 Bb4 5. f3 d6 6. Nge2 O-O 7. a3 Bxc3+ 8. Nxc3 e5 9. d5 Nd4 10. Be3 c5 11. dxc6 Nxc6 12. Be2 a6 13. O-O h6 14. Nd5 Nxd5 15. cxd5 Ne7 16. Rc1 Bd7 17. Qd2 Ng6 18. Rc3 Rc8 19. Rxc8 Bxc8 20. Rc1 Bd7 21. Qb4 Qb8 22. Qb6 Rc8 23. Rxc8+ Bxc8 24. Bxa6 Qa8 25. Bb5 Nf8 26. Qd8 b6 27. Qxd6 Qa5 28. Qxb6 Qe1+ 29. Bf1 Nd7 30. Bf2 Qxf1+ 31. Kxf1 Nxb6 32. Bxb6 Kf8 33. Ke2 g5 34. Kd3 f5 35. Kc4 fxe4 36. fxe4 Ke7 37. Bc7 Ba6+ 38. Kc5 Bd3 39. Bxe5 Bxe4 40. g3 Kd7 41. b4 Kc8 42. b5 Kb7 43. a4 Bf5 44. Kd6 h5 45. Ke7 h4 46. gxh4 gxh4 47. d6 1-0

[Event "FIDE WCCC Open-08 2024"]
[Site "Montesilvano"]
[Date "2024.11.23"]
[Round "8.48"]
[White "Kim, Rian B"]
[Black "Kakagiannis, Stylianos"]
[Result "1-0"]
[ECO "D02"]
[WhiteElo "1452"]
[BlackElo "1423"]
[Annotator "NA RC"]
[PlyCount "101"]
[EventDate "2024.11.18"]
[EventType "swiss"]
[EventCountry "ITA"]
[SourceTitle "playchess.com"]
[Source "ChessBase"]
[SourceQuality "1"]
[TimeControl "5400+30"]

1. d4 d5 2. Bf4 Nf6 3. e3 Bg4 4. Nf3 c5 5. c3 Qb6 6. b3 Nbd7 7. Nbd2 e6 8. Be2 Be7 9. Ne5 Nxe5 10. Bxe5 Bxe2 11. Qxe2 cxd4 12. Bxd4 Qd6 13. c4 O-O 14. c5 Qd7 15. Nf3 Rac8 16. Rc1 Qc7 17. O-O Qa5 18. Qc2 Ne4 19. Qb2 f6 20. b4 Qb5 21. Qb3 Rc7 22. Rc2 Rfc8 23. Rfc1 a5 24. bxa5 Qxa5 25. Bc3 Nxc3 26. Rxc3 Rxc5 27. Rxc5 Rxc5 28. Rb1 Qc7 29. g3 Rc1+ 30. Rxc1 Qxc1+ 31. Kg2 Qc7 32. Nd4 Qd7 33. Qb6 Kf7 34. a4 Bd8 35. Qb4 b6 36. Nb5 Be7 37. Qh4 h6 38. Qh5+ Kf8 39. Nd4 Bc5 40. Qg4 Bxd4 41. Qxd4 Qc6 42. Qb4+ Kf7 43. Qd4 Qc5 44. Qxc5 bxc5 45. a5 c4 46. Kf1 Ke7 47. a6 c3 48. Ke1 Kd7 49. a7 c2 50. Kd2 Kc7 51. a8=Q 1-0

[Event "FIDE WCCC Open-08 2024"]
[Site "Montesilvano"]
[Date "2024.11.23"]
[Round "8.50"]
[White "Ameen Akbar T A"]
[Black "Contreras Salcedo, Samuel Esteban"]
[Result "1-0"]
[ECO "C56"]
[WhiteElo "1579"]
[BlackElo "1508"]
[Annotator "NA RC"]
[PlyCount "67"]
[EventDate "2024.11.18"]
[EventType "swiss"]
[EventCountry "ITA"]
[SourceTitle "playchess.com"]
[Source "ChessBase"]
[SourceQuality "1"]
[TimeControl "5400+30"]

1. e4 e5 2. Nf3 Nc6 3. d4 exd4 4. Bc4 Nf6 5. O-O Bc5 6. e5 d5 7. exf6 dxc4 8. Re1+ Be6 9. Ng5 Qxf6 10. Nxe6 fxe6 11. Qh5+ g6 12. Qxc5 Rf8 13. f3 O-O-O 14. Bg5 Qf7 15. Bxd8 Rxd8 16. Qxc4 Rd5 17. Nd2 Kd7 18. Ne4 h5 19. Nc5+ Ke7 20. Qxd5 e5 21. Qd7+ Kf8 22. Qxf7+ Kxf7 23. Nxb7 Nb4 24. Rxe5 Nxc2 25. Rc1 d3 26. Rxc2 dxc2 27. Rc5 c1=Q+ 28. Rxc1 c5 29. Rxc5 a5 30. Nxa5 g5 31. Rxg5 Kf6 32. Rxh5 Ke6 33. Rc5 Kd6 34. Nb3 1-0

[Event "FIDE WCCC Open-08 2024"]
[Site "Montesilvano"]
[Date "2024.11.24"]
[Round "9.1"]
[White "Ulan, Rizat"]
[Black "Li, Aiden Linyuan"]
[Result "0-1"]
[ECO "C07"]
[WhiteElo "1783"]
[BlackElo "1877"]
[Annotator "NA RC"]
[PlyCount "78"]
[EventDate "2024.11.18"]
[EventType "swiss"]
[EventCountry "ITA"]
[SourceTitle "playchess.com"]
[Source "ChessBase"]
[SourceQuality "1"]
[TimeControl "5400+30"]

1. e4 e6 2. d4 d5 3. Nd2 c5 4. exd5 Qxd5 5. Ngf3 cxd4 6. Bc4 Qd6 7. O-O Nf6 8. Nb3 Nc6 9. Qe2 Be7 10. Rd1 e5 11. Bb5 Bg4 12. Bxc6+ bxc6 13. Bg5 O-O 14. Re1 Bxf3 15. Qxf3 Nd5 16. Bxe7 Nxe7 17. Qe4 Ng6 18. Na5 Qc5 19. Nb3 Qb6 20. Rab1 c5 21. Qd5 Rac8 22. Qc4 Rfe8 23. a3 Qe6 24. Nd2 Qxc4 25. Nxc4 Re6 26. g3 f5 27. g4 Rf8 28. b4 Nh4 29. Re2 cxb4 30. Rxb4 fxg4 31. Re4 Nf3+ 32. Kg2 Rh6 33. Rxg4 Rxh2+ 34. Kg3 h5 35. Re4 h4+ 36. Kg4 Rxf2 37. Rxe5 Rg2+ 38. Kh5 Rf6 39. Re8+ Kh7 0-1

[Event "FIDE WCCC Open-08 2024"]
[Site "Montesilvano"]
[Date "2024.11.24"]
[Round "9.2"]
[White "Guo, Philipp Ziming"]
[Black "Protopopescu, Luca"]
[Result "1-0"]
[ECO "A39"]
[WhiteElo "2139"]
[BlackElo "1818"]
[Annotator "RC"]
[PlyCount "53"]
[EventDate "2024.11.18"]
[EventType "swiss"]
[EventCountry "ITA"]
[SourceTitle "playchess.com"]
[Source "ChessBase"]
[SourceQuality "1"]
[TimeControl "5400+30"]

1. d4 Nf6 2. c4 g6 3. Nf3 Bg7 4. g3 O-O 5. Bg2 c5 6. O-O cxd4 7. Nxd4 Nc6 8. Nc3 Qb6 9. Nb3 d6 10. Be3 Qc7 11. c5 dxc5 12. Bxc5 a6 13. Rc1 Rd8 14. Qc2 Be6 15. Rfd1 Nd7 16. Nd5 Bxd5 17. Rxd5 Nxc5 18. Rxc5 a5 19. a4 Rdb8 20. e3 Qd6 21. Rd5 Qf6 22. Rd2 Ra6 23. Nc5 Nb4 24. Qd1 Rd6 25. Nd7 Rxd2 26. Nxf6+ Bxf6 27. Qxd2 1-0

[Event "FIDE WCCC Open-08 2024"]
[Site "Montesilvano"]
[Date "2024.11.24"]
[Round "9.3"]
[White "Sattwik Swain"]
[Black "Pham, Han Nam"]
[Result "1/2-1/2"]
[ECO "B36"]
[WhiteElo "1787"]
[BlackElo "1912"]
[Annotator "NA RC"]
[PlyCount "137"]
[EventDate "2024.11.18"]
[EventType "swiss"]
[EventCountry "ITA"]
[SourceTitle "playchess.com"]
[Source "ChessBase"]
[SourceQuality "1"]
[TimeControl "5400+30"]

1. e4 c5 2. Nf3 Nc6 3. d4 cxd4 4. Nxd4 g6 5. c4 Nf6 6. Nc3 Nxd4 7. Qxd4 d6 8. Be3 Bg7 9. Be2 O-O 10. Qd2 a5 11. O-O a4 12. Rac1 Qa5 13. Rfd1 Be6 14. f3 Rfc8 15. Nd5 Qxd2 16. Bxd2 Bxd5 17. cxd5 Nd7 18. Bb5 Nc5 19. Rc2 Kf8 20. Rdc1 Rd8 21. Kf1 h6 22. g4 e6 23. Bb4 b6 24. Bc6 Ra7 25. Rd1 Ke7 26. Ke2 Be5 27. h3 g5 28. Rb1 f5 29. Rc4 Rb8 30. Bc3 exd5 31. exd5 Kf6 32. Rb4 f4 33. Bxe5+ Kxe5 34. Kd2 Kf6 35. Re1 Ra6 36. Kc3 Ra7 37. Kd4 Ra5 38. Rc4 Ra7 39. Rc2 b5 40. Rce2 b4 41. Kc4 b3 42. a3 Rd8 43. Rh1 Nd7 44. Re6+ Kg7 45. Re7+ Kf6 46. Rxd7 Raxd7 47. Bxd7 Rxd7 48. Kb5 Re7 49. Rh2 Re3 50. Rf2 Ke5 51. Kxa4 Kxd5 52. Kb5 Ke6 53. a4 Kd7 54. a5 Kc7 55. a6 d5 56. Kc5 d4 57. Kxd4 Kb6 58. a7 Kxa7 59. Kc4 Kb6 60. Kb4 Kc6 61. Kc4 Kd6 62. Rd2+ Ke5 63. Rd3 Rxd3 64. Kxd3 Kd5 65. Kc3 Kc5 66. Kxb3 Kd4 67. Ka4 Ke3 68. b4 Kxf3 69. b5 1/2-1/2

[Event "FIDE WCCC Open-08 2024"]
[Site "Montesilvano"]
[Date "2024.11.24"]
[Round "9.4"]
[White "Xu, Zhihan (Samuel)"]
[Black "Divith Reddy Adulla"]
[Result "0-1"]
[ECO "B99"]
[WhiteElo "1881"]
[BlackElo "1784"]
[Annotator "NA RC"]
[PlyCount "88"]
[EventDate "2024.11.18"]
[EventType "swiss"]
[EventCountry "ITA"]
[SourceTitle "playchess.com"]
[Source "ChessBase"]
[SourceQuality "1"]
[TimeControl "5400+30"]

1. e4 c5 2. Nf3 d6 3. d4 cxd4 4. Nxd4 Nf6 5. Nc3 a6 6. Bg5 e6 7. f4 Be7 8. Qf3 Nbd7 9. O-O-O Qc7 10. Bd3 b5 11. Rhe1 Bb7 12. Qg3 Nc5 13. Bxf6 gxf6 14. Qg7 Rf8 15. e5 dxe5 16. fxe5 O-O-O 17. Bxh7 fxe5 18. Rxe5 Bd6 19. Rh5 Bxh2 20. Kb1 Bf4 21. Qg4 Be5 22. b4 Nd7 23. Nce2 Nf6 24. Qh3 Nxh5 25. Qxh5 Bxg2 26. Qg4 Bd5 27. Bd3 f5 28. Qg1 Qb6 29. c3 Qc7 30. Qe3 Rde8 31. Qd2 f4 32. Nc1 f3 33. a4 f2 34. axb5 axb5 35. Nxb5 Qb6 36. c4 Bc6 37. Na3 Be4 38. Bxe4 f1=Q 39. Qd7+ Kb8 40. Rxf1 Qxb4+ 41. Kc2 Qc3+ 42. Kd1 Rxf1+ 43. Ke2 Re1+ 44. Kf2 Qg3# 0-1

[Event "FIDE WCCC Open-08 2024"]
[Site "Montesilvano"]
[Date "2024.11.24"]
[Round "9.5"]
[White "Badescu, Matei-Andrei"]
[Black "Elemes, Nurmukhamed"]
[Result "0-1"]
[ECO "B22"]
[WhiteElo "1829"]
[BlackElo "1735"]
[Annotator "NA RC"]
[PlyCount "73"]
[EventDate "2024.11.18"]
[EventType "swiss"]
[EventCountry "ITA"]
[SourceTitle "playchess.com"]
[Source "ChessBase"]
[SourceQuality "1"]
[TimeControl "5400+30"]

1. e4 c5 2. c3 Nf6 3. e5 Nd5 4. d4 cxd4 5. Nf3 Nc6 6. cxd4 d6 7. Bc4 Nb6 8. Bb5 dxe5 9. Nxe5 Bd7 10. Nxd7 Qxd7 11. Nc3 e6 12. O-O a6 13. Bxc6 Qxc6 14. Qg4 h5 15. Qe2 Rd8 16. Rd1 Nd5 17. Bd2 Be7 18. Rac1 Nxc3 19. bxc3 Ba3 20. Rb1 b5 21. Qe5 Kf8 22. Qe2 Qd5 23. Rb3 Bd6 24. Be3 g6 25. Rdb1 Kg7 26. a4 bxa4 27. Rb6 Bc7 28. Rb7 Qc6 29. Bg5 Rb8 30. Rxb8 Rxb8 31. Rxb8 Bxb8 32. Qb2 Qb5 33. Qc1 a3 34. Bh6+ Kh7 35. Bf8 Bf4 36. Qa1 Qb2 37. Qe1 0-1

[Event "FIDE WCCC Open-08 2024"]
[Site "Montesilvano"]
[Date "2024.11.24"]
[Round "9.6"]
[White "Mani, Sarbartho"]
[Black "Morozevich, Kirill Aleks"]
[Result "0-1"]
[ECO "C42"]
[WhiteElo "1824"]
[BlackElo "1484"]
[Annotator "NA RC"]
[PlyCount "80"]
[EventDate "2024.11.18"]
[EventType "swiss"]
[EventCountry "ITA"]
[SourceTitle "playchess.com"]
[Source "ChessBase"]
[SourceQuality "1"]
[TimeControl "5400+30"]

1. e4 e5 2. Nf3 Nf6 3. Nxe5 d6 4. Nf3 Nxe4 5. d4 d5 6. Bd3 Be7 7. O-O O-O 8. Nbd2 Nxd2 9. Bxd2 Bg4 10. Re1 Nd7 11. Be2 Bf6 12. c3 Re8 13. h3 Bh5 14. Bf4 c6 15. Nd2 Bg6 16. Bg4 Nb6 17. Rxe8+ Qxe8 18. Be3 Qe7 19. a4 a5 20. Qb3 Qc7 21. g3 Re8 22. Bf4 Qd8 23. Qd1 Nc8 24. Qf1 h5 25. Bf3 Qe7 26. h4 Bf5 27. Bxh5 Bxh4 28. gxh4 Qxh4 29. Bxf7+ Kxf7 30. Bg3 Qh5 31. Qg2 Re2 32. Bf4 Bg4 33. Qh2 Qg6 34. Qg3 Ne7 35. Nf1 Nf5 36. Qh2 Bf3+ 37. Ng3 Re4 38. Bd2 Rh4 39. Qxh4 Nxh4 40. Re1 Be4 0-1

[Event "FIDE WCCC Open-08 2024"]
[Site "Montesilvano"]
[Date "2024.11.24"]
[Round "9.7"]
[White "Meiyazhagan, Kaviinayan"]
[Black "Ayaan Phutane"]
[Result "1/2-1/2"]
[ECO "C00"]
[WhiteElo "1707"]
[BlackElo "1796"]
[Annotator "NA RC"]
[PlyCount "143"]
[EventDate "2024.11.18"]
[EventType "swiss"]
[EventCountry "ITA"]
[SourceTitle "playchess.com"]
[Source "ChessBase"]
[SourceQuality "1"]
[TimeControl "5400+30"]

1. e4 e6 2. Nf3 d5 3. Nc3 d4 4. Ne2 c5 5. Ng3 Nc6 6. Bc4 Bd6 7. d3 b5 8. Bb3 Qc7 9. O-O Nf6 10. c3 O-O 11. cxd4 cxd4 12. Bg5 Nd7 13. Rc1 Qb6 14. a3 Bb7 15. Qd2 Rac8 16. Nh5 Qa5 17. Qxa5 Nxa5 18. Ba2 Nc6 19. Bb3 Nde5 20. Nxe5 Nxe5 21. Rcd1 Ba6 22. f4 Nd7 23. Rf3 h6 24. Bh4 Kh7 25. e5 Bc7 26. g4 Bb7 27. Rff1 g5 28. fxg5 hxg5 29. Bxg5 Nxe5 30. Be7 Nxg4 31. Nf6+ Nxf6 32. Rxf6 Be5 33. Rf2 Rg8+ 34. Kf1 Rg7 35. Re1 Rc7 36. Rxe5 Rxe7 37. Rxb5 Ba6 38. Rh5+ Kg8 39. Rf3 Rb7 40. Rfh3 Kf8 41. Ra5 Rxb3 42. Rxa6 Rxb2 43. Rxa7 Rgg2 44. Rf3 Rg7 45. Ra8+ Ke7 46. Ra7+ Kd6 47. Rfxf7 Rxf7+ 48. Rxf7 Rxh2 49. Rf2 Rh1+ 50. Ke2 Ra1 51. Rf4 Kd5 52. Rf8 Ra2+ 53. Kd1 Rxa3 54. Ke2 Ra2+ 55. Kd1 Kc5 56. Rc8+ Kd5 57. Rd8+ Ke5 58. Ke1 Rh2 59. Kd1 Rb2 60. Ke1 Ra2 61. Kd1 Kf4 62. Rxd4+ Ke3 63. Rd6 e5 64. Rd5 Rd2+ 65. Kc1 Rxd3 66. Rxe5+ Kd4 67. Re8 Rh3 68. Rd8+ Kc3 69. Rc8+ Kb4 70. Kb2 Rh2+ 71. Rc2 Rxc2+ 72. Kxc2 1/2-1/2

[Event "FIDE WCCC Open-08 2024"]
[Site "Montesilvano"]
[Date "2024.11.24"]
[Round "9.8"]
[White "Hu, Junyan"]
[Black "Demchenko, Timofei"]
[Result "1/2-1/2"]
[ECO "C02"]
[WhiteElo "1924"]
[BlackElo "1969"]
[Annotator "NA RC"]
[PlyCount "79"]
[EventDate "2024.11.18"]
[EventType "swiss"]
[EventCountry "ITA"]
[SourceTitle "playchess.com"]
[Source "ChessBase"]
[SourceQuality "1"]
[TimeControl "5400+30"]

1. e4 e6 2. d4 d5 3. e5 c5 4. c3 Nc6 5. Nf3 Qb6 6. a3 c4 7. Nbd2 Na5 8. Rb1 Bd7 9. h4 Ne7 10. b4 cxb3 11. Nxb3 Ba4 12. Nxa5 Bxd1 13. Rxb6 axb6 14. Bb5+ Kd8 15. Nxb7+ Kc7 16. Kxd1 Kxb7 17. Ng5 Nc6 18. Nxf7 Rg8 19. a4 h6 20. g4 Be7 21. f4 Rgf8 22. Nd6+ Bxd6 23. exd6 Na7 24. Bd7 Rfd8 25. Bxe6 Rxd6 26. Bf5 Nc6 27. Bc2 Re8 28. f5 Na5 29. Bf4 Rc6 30. Rh3 Nc4 31. Bb3 Re4 32. Bxc4 Rxc4 33. Rf3 Rxa4 34. g5 Ra1+ 35. Bc1 Rxh4 36. f6 gxf6 37. gxf6 Rh1+ 38. Kd2 Raxc1 39. f7 Rhd1+ 40. Ke2 1/2-1/2